 Dungeon Crawl Stone Soup version bcrawl-1.19.2-6-g6a88ae04c9 (webtiles) character file.

Game seed: 16200290899562061576

29617 Revguard the Protected (level 13, -4/79 HPs)
             Began as a Gargoyle Archaeologist on Jan 14, 2020.
             Was a Priest of Lugonu.
             Slain by a sun demon (7 damage)
             ... summoned by Frances
             ... on level 12 of the Dungeon.
             The game lasted 00:51:14 (14135 turns).

Revguard the Protected (Gargoyle Archaeologist)    Turns: 14135, Time: 00:51:15

Health: -4/79      AC: 48    Str: 16    XL:     13   Next: 46%
Magic:  28/28      EV: 10    Int: 17    God:    Lugonu [***...]
Gold:   566        SH:  3    Dex: 14    Spells: 12/12 levels left

rFire    + . .     SeeInvis .   y - +5 demon blade (drain)
rCold    + . .     Gourm    .   (no shield)
rNeg     + . .     Faith    .   f - +27 Lear's hauberk
rPois    ∞         Spirit   .   (helmet currently unavailable)
rElec    +         Reflect  .   v - scarf {cloud immunity}
rCorr    +         Harm     .   (gloves currently unavailable)
MR       +....                  (boots currently unavailable)
Stlth    ..........             B - amulet of regeneration
HPRegen  0.63/turn              p - +2 ring of intelligence
MPRegen  0.21/turn              G - ring of magical power

@: resistant, very slightly contaminated, studying Earth Magic, invisible
A: agile 1, magic resistance 1, negative energy resistance 1, electricity
resistance, unbreathing, petrification resistance, rot immunity, AC +9
a: Depart the Abyss, Bend Space, Banish, Renounce Religion


You were on level 12 of the Dungeon.
You worshipped Lugonu.
Lugonu was most pleased with you.
You were not hungry.

You visited 2 branches of the dungeon, and saw 13 of its levels.
You also visited: Sewer.

You collected 1286 gold pieces.
You spent 720 gold pieces at shops.

Inventory:

Hand Weapons
 l - a +1 dagger of venom
 n - a +3 dagger of speed
 y - a +5 demon blade of draining (weapon)
 A - a +1 scimitar of flaming
Armour
 f - the +27 Lear's hauberk (worn)
 h - a +2 pair of boots
 v - a scarf of cloud immunity (worn)
Jewellery
 p - a +2 ring of intelligence (left hand)
 B - an amulet of regeneration (around neck)
 G - a ring of magical power (right hand)
Wands
 s - a wand of digging (16)
 u - a wand of paralysis (6)
 z - a wand of random effects (5)
Scrolls
 b - 6 scrolls of identify
 c - 6 scrolls of remove curse
 d - 2 scrolls of enchant armour
 e - a scroll of immolation
 m - a scroll of amnesia
 r - 11 scrolls of teleportation
 t - a scroll of enchant weapon
 w - 5 scrolls of magic mapping
Potions
 a - 5 potions of heal wounds
 i - 8 potions of curing
 j - 4 potions of flight
 k - 3 potions of cancellation
 o - 2 potions of might
 q - a potion of resistance
 x - a potion of agility
 F - 2 potions of brilliance
Books
 E - a manual of Earth Magic
Comestibles
 g - 16 rations {!d}


   Skills:
 + Level 8.5 Fighting
 - Level 9.3(10.8) Short Blades
 + Level 9.0(10.7) Long Blades
   Level 1.1 Maces & Flails
   Level 0.5 Polearms
 + Level 11.1 Armour
 + Level 5.7 Dodging
 - Level 3.6 Stealth
 * Level 8.1 Invocations
 * Level 8.4 Evocations


You had 12 spell levels left.
You didn't know any spells.
Your spell library contained the following spells:

 Spells                   Type           Power        Failure   Level  Hunger
 Corona                   Hex            #......      93%         1    ##.....
 Freeze                   Ice            #.....       93%         1    ##.....
 Ensorcelled Hibernation  Hex/Ice        #.....       98%         2    ###....
 Throw Frost              Conj/Ice       #.....       98%         2    ###....
 Confuse                  Hex            #.......     100%        3    ####...
 Dazzling Spray           Conj/Hex       #.....       100%        3    ####...
 Ozocubu's Armour         Chrm/Ice       #.......     100%        3    ####...
 Tukima's Dance           Hex            #.......     100%        3    ####...
 Summon Ice Beast         Ice/Summ       #.......     100%        4    #####..
 Throw Icicle             Conj/Ice       #.......     100%        4    #####..


Dungeon Overview and Level Annotations

Branches:
Dungeon (12/12)            Temple (1/1) D:6            Lair (0/6) D:8
    Orc (0/1) D:8          Vaults (0/3) D:12
 Depths: D:12

Altars:
Ashenzari
Cheibriados
Dithmenos
Elyvilon
Fedhas
Gozag
Hepliaklqana
Kikubaaqudgha
Lugonu
Makhleb
Nemelex Xobeh
Okawaru
Qazlal
Ru
Sif Muna
Trog
Uskayaw
Vehumet
Wu Jian
Xom
Yredelemnul
Zin
The Shining One

Shops:
D:4 ?   D:6 }   D:8 !   D:10 [

Annotations:
D:12 corrupted, Frances


Innate Abilities, Weirdness & Mutations

You are resistant to torment.
Your stone body is resilient. (AC +9)
You are immune to poison.
You resist negative energy. (rN+)
You are resistant to electric shocks. (rElec)
You can survive without breathing.
You are immune to petrification.
You are immune to rotting.
You are agile. (Dex +2)
You are resistant to hostile enchantments. (MR+)


Message History

The sun demon barely misses you. Frances hits you with a +0 short sword!
You hit Frances. You drain Frances.
Frances is severely wounded.
The orc wizard shouts!
The sun demon hits you but does no damage.
Frances closely misses you.
The red devil hops backward while attacking.
The red devil closely misses you. The sun demon misses you.
The orc wizard gestures at you while chanting.
The puff of flame hits the sun demon.
The sun demon completely resists.
You closely miss Frances.
Frances is severely wounded.
The sun demon hits you!
* * * LOW HITPOINT WARNING * * *
You are engulfed in flames!
You resist.
* * * LOW HITPOINT WARNING * * *
Frances hits you but does no damage. The sun demon hits you.
* * * LOW HITPOINT WARNING * * *
You are engulfed in flames!
You resist.
You die...

#..##########+####..
#..#...................
##'#........?.........
.....................#
........4.[..........#
#...##'####....$.....#
#...#.... #..........#
#...#.....#.....@3...#
#...#.....#...4†@3o..#
#...#.....#.######...#
#.#.'.....#. #...#
##..#.....' #...# ..#
#..... ##..# #.....#
....## #o...$# .....#
......# .....# oo....#


You could see Frances, 2 sun demons, a red devil and an orc wizard.

Vanquished Creatures
  Gastronok (D:10)
  The ghost of Watball the Grappler, a journeyman TrBe of Trog (D:11)
  Josephine (D:10)
  An ice dragon (D:12)
  A centaur warrior (D:12)
  2 two-headed ogres
  3 slime creatures (D:8)
  Pikel (D:7)
  3 cyclopes (D:11)
  2 orc knights
  An ugly thing (D:12)
  3 manticores
  Maurice (D:12)
  5 centaur skeletons
  A centaur zombie (D:9)
  An efreet (D:9)
  2 komodo dragons
  2 trolls
  Grinder (D:4)
  3 hippogriffs
  2 wyverns
  Eustachio (D:5)
  3 wraiths (D:10)
  10 yaks
  2 basilisks
  7 vampire mosquitoes
  6 humans (D:12)
  A hungry ghost (D:7)
  A steam dragon (D:9)
  An acid dragon (D:12)
  A crocodile (D:11)
  Purgy (D:3)
  A water moccasin (D:6)
  7 orc warriors
  2 ice beasts (D:7)
  4 black bears
  2 sky beasts
  3 slaves (D:7)
  3 phantoms
  12 ogres
  10 centaurs
  5 bullfrogs
  10 big kobolds
  A gnoll sergeant (D:6)
  5 scorpions
  5 wights (D:9)
  10 killer bees
  2 howler monkeys
  11 crimson imps
  8 orc priests
  8 hounds
  A jelly (D:8)
  A gnoll shaman (D:6)
  3 iguanas
  Crazy Yiuf (D:5)
  Terence (D:3)
  8 orc wizards
  7 worker ants
  3 hound zombies
  A hound skeleton (D:4)
  A howler monkey zombie (D:9)
  A worker ant zombie (D:5)
  15 gnolls
  12 adders
  3 shadow imps
  6 oozes (Sewer)
  3 adder skeletons
  5 worms
  6 dart slugs
  4 leopard geckos
  43 orcs
  8 giant cockroaches
  5 goblins
  14 hobgoblins
  14 jackals
  63 kobolds
  7 quokkas
  4 ball pythons
  13 bats
  5 frilled lizards
  3 hobgoblin zombies (D:6)
  A jackal skeleton (D:8)
  A jackal zombie (D:5)
  3 kobold skeletons (D:6)
  A kobold zombie (D:6)
  A quokka skeleton (D:5)
  7 rats
456 creatures vanquished.

Vanquished Creatures (others)
  Rupert (D:12)
  A centaur warrior (D:12)
  7 humans (D:12)
  A crimson imp (D:12)
  An orc priest (D:12)
  An orc wizard (D:12)
  An orc (D:12)
13 creatures vanquished.

Grand Total: 469 creatures vanquished

Notes
Turn   | Place    | Note
-------+----------+-------------------------------------------
     0 | D:1      | Revguard the Gargoyle Archaeologist began the quest for the
                  | Orb.
     0 | D:1      | Reached XP level 1. HP: 12/12 MP: 1/1
    65 | D:1      | Reached XP level 2. HP: 12/16 MP: 2/2
   557 | D:1      | Reached skill level 1 in Armour
   557 | D:1      | Reached XP level 3. HP: 20/20 MP: 3/3
  1291 | D:2      | Reached XP level 4. HP: 9/26 MP: 4/4
  1491 | D:2      | Reached skill level 1 in Evocations
  1507 | D:2      | Reached skill level 1 in Short Blades
  2048 | D:3      | Found a shimmering altar of Xom.
  2123 | D:3      | Noticed Purgy
  2197 | D:3      | Killed Purgy
  2197 | D:3      | Reached skill level 3 in Armour
  2197 | D:3      | Reached XP level 5. HP: 29/30 MP: 4/6
  2252 | D:3      | Noticed a big kobold
  2302 | D:3      | Killed a big kobold
  2302 | D:3      | Reached XP level 6. HP: 35/35 MP: 7/7
  2338 | D:3      | Reached skill level 4 in Armour
  2495 | D:3      | Reached XP level 7. HP: 37/40 MP: 8/8
  2854 | D:3      | Reached skill level 5 in Armour
  2865 | D:3      | Noticed Terence
  2896 | D:3      | Killed Terence
  2973 | D:3      | Found a faded altar of an unknown god.
  2989 | D:3      | Became a worshipper of Sif Muna the Loreminder
  2989 | D:3      | Reached * piety under Sif Muna
  3333 | D:3      | Found a shadowy altar of Dithmenos.
  3333 | D:3      | Found a sparkling altar of Nemelex Xobeh.
  3338 | D:3      | Fell from the grace of Sif Muna
  3653 | D:4      | Found a sacrificial altar of Ru.
  3774 | D:4      | Reached skill level 6 in Armour
  3851 | D:4      | Found a hide-covered altar of Uskayaw.
  3948 | D:4      | Noticed Grinder
  3965 | D:4      | Paralysed by Grinder for 4 turns
  3978 | D:4      | Paralysed by Grinder for 2 turns
  3989 | D:4      | Paralysed by Grinder for 3 turns
  3998 | D:4      | Killed Grinder
  3998 | D:4      | Reached skill level 8 in Armour
  3998 | D:4      | Reached XP level 8. HP: 34/45 MP: 9/9
  4256 | D:4      | Found Couzan's Magic Scroll Shop.
  4263 | D:4      | Bought a scroll of identify for 24 gold pieces
  4263 | D:4      | Bought a scroll of enchant weapon for 90 gold pieces
  4263 | D:4      | Bought a scroll of remove curse for 36 gold pieces
  4263 | D:4      | Bought a scroll of enchant armour for 90 gold pieces
  4263 | D:4      | Bought a scroll of enchant weapon for 90 gold pieces
  4379 | D:5      | Entered Level 5 of the Dungeon
  4405 | D:5      | Reached skill level 5 in Short Blades
  4464 | D:5      | Found a glowing drain.
  4468 | Sewer    | Entered a sewer
  5302 | D:5      | Reached XP level 9. HP: 23/51 MP: 11/11
  5637 | D:5      | Identified the +6 spear of Accord {freeze, *Contam Dex+7}
  5713 | D:5      | Noticed Eustachio
  5791 | D:5      | Killed Eustachio
  5810 | D:5      | Found a runed door.
  5814 | D:5      | Noticed Crazy Yiuf
  5830 | D:5      | Killed Crazy Yiuf
  6120 | D:5      | Reached skill level 9 in Armour
  6181 | D:6      | Found Cotaor's Gadget Emporium.
  6447 | D:6      | Found a glowing golden altar of the Shining One.
  6563 | D:6      | Found a staircase to the Ecumenical Temple.
  6570 | Temple   | Entered the Ecumenical Temple
  6747 | Temple   | Became a worshipper of Lugonu the Unformed
  7159 | D:6      | Found a shimmering blue altar of Sif Muna.
  7338 | D:6      | Reached XP level 10. HP: 58/58 MP: 13/13
  7364 | D:6      | Reached skill level 5 in Fighting
  7471 | D:6      | Reached skill level 5 in Evocations
  7481 | D:6      | Reached ** piety under Lugonu
  7885 | D:7      | Reached skill level 1 in Invocations
  7942 | D:7      | Noticed Pikel
  8098 | D:7      | Killed Pikel
  9228 | D:8      | Found Pyhaboec's Distillery.
  9236 | D:8      | Bought a potion of berserk rage for 65 gold pieces
  9236 | D:8      | Bought a potion of curing for 39 gold pieces
  9236 | D:8      | Bought a potion of heal wounds for 65 gold pieces
  9236 | D:8      | Bought a potion of agility for 52 gold pieces
  9236 | D:8      | Bought a potion of heal wounds for 65 gold pieces
  9236 | D:8      | Bought a potion of heal wounds for 65 gold pieces
  9236 | D:8      | Bought a potion of curing for 39 gold pieces
  9263 | D:8      | HP: 3/60 [enormous slime creature (57)]
  9285 | D:8      | Noticed a two-headed ogre
  9307 | D:8      | Killed a two-headed ogre
  9307 | D:8      | Reached XP level 11. HP: 39/64 MP: 15/15
  9422 | D:8      | Reached *** piety under Lugonu
  9817 | D:8      | Found a staircase to the Orcish Mines.
 10010 | D:8      | Reached skill level 10 in Armour
 10098 | D:8      | Found a staircase to the Lair.
 10120 | D:8      | Reached skill level 1 in Long Blades
 10120 | D:8      | Reached skill level 5 in Dodging
 10312 | D:9      | Reached **** piety under Lugonu
 10312 | D:9      | Received a gift from Lugonu
 10697 | D:9      | Reached skill level 5 in Invocations
 10908 | D:9      | Noticed an orc knight
 10931 | D:9      | Killed an orc knight
 10934 | D:9      | Reached skill level 5 in Long Blades
 11224 | D:9      | Reached XP level 12. HP: 71/71 MP: 17/17
 11518 | D:10     | Entered Level 10 of the Dungeon
 11589 | D:10     | Got a scorched leather armour
 11669 | D:10     | Noticed Josephine
 11678 | D:10     | Paralysed by Josephine for 2 turns
 11690 | D:10     | Killed Josephine
 12382 | D:10     | Noticed Gastronok
 12396 | D:10     | Killed Gastronok
 12431 | D:10     | Found Ymeesch's Armour Shop.
 12629 | D:10     | Gained mutation: You are agile. (Dex +2) [potion of
                  | mutation]
 12629 | D:10     | Gained mutation: You are resistant to hostile enchantments.
                  | (MR+) [potion of mutation]
 12802 | D:11     | Found a transporter.
 12813 | D:11     | Noticed Watball's ghost (journeyman TrBe)
 12824 | D:11     | Identified the cursed +0 great mace "Lefu" {speed, Int+6}
 12824 | D:11     | Identified the +1 dire flail "Dirug" {elec, rPois rC+ Str+7
                  | Stlth+}
 12824 | D:11     | Noticed a two-headed ogre
 13217 | D:11     | Got a fine hand axe
 13218 | D:11     | Identified the +4 hand axe "Booruck" {chop, Dex+2} (You
                  | found it on level 11 of the Dungeon)
 13392 | D:11     | Was forgiven by Sif Muna
 13441 | D:11     | Found a transporter.
 13451 | D:11     | Killed a two-headed ogre
 13451 | D:11     | Reached XP level 13. HP: 58/78 MP: 18/18
 13484 | D:11     | Killed Watball's ghost
 13543 | D:12     | Entered Level 12 of the Dungeon
 13543 | D:12     | Found a gate to the Vaults.
 13543 | D:12     | Noticed Rupert
 13543 | D:12     | Noticed an ice dragon
 13678 | D:12     | Reached skill level 11 in Armour
 13825 | D:12     | Corrupted D:12
 13825 | D:12     | Noticed a balrug
 13831 | D:12     | Killed Rupert
 13857 | D:12     | Noticed a hellephant
 13987 | D:12     | Noticed Maurice
 14014 | D:12     | Killed Maurice
 14067 | D:12     | Found a shimmering altar of Xom.
 14098 | D:12     | Noticed Frances
 14133 | D:12     | Killed an ice dragon
 14135 | D:12     | HP: 3/79 [sun demon[Frances] (3)]
 14135 | D:12     | Slain by a sun demon

Skill      XL: |  1  2  3  4  5  6  7  8  9 10 11 12 13 |
---------------+----------------------------------------+-----
Armour         | 1 3 4 8 9 10 11 | 11.1
Dodging        | 3 4 5 |  5.7
Evocations     | 1 2 3 4 5 6 7 8 |  8.4
Short Blades   | 2 3 4 5 7 9 |  9.3
Fighting       | 2 3 4 6 8 |  8.5
Invocations    | 3 5 7 8 |  8.1
Long Blades    | 5 8 9 |  9.0
Maces & Flails | |  1.1
Polearms       | |  0.5
Stealth        | |  3.6

Action                   |  1- 3 |  4- 6 |  7- 9 | 10-12 | 13-15 || total
-------------------------+-------+-------+-------+-------+-------++-------
Melee: Spear             |   106 |       |       |       |       ||   106
       Whip              |     1 |       |       |       |       ||     1
       Dagger            |    93 |   309 |  1390 |   878 |       ||  2670
       Demon blade       |       |       |       |   500 |   232 ||   732
Invok: Renounce Religion |       |       |     1 |       |       ||     1
       Bend Space        |       |       |       |       |     3 ||     3
       Corrupt           |       |       |       |       |     1 ||     1
Evoke: Wand              |       |       |       |    11 |     3 ||    14
  Use: Scroll            |       |    10 |     4 |    10 |       ||    24
       Potion            |       |     4 |     3 |     3 |     4 ||    14
 Stab: Sleeping          |     5 |       |     1 |       |       ||     6
       Paralysed         |       |       |       |    22 |     3 ||    25
       Invisible         |       |       |       |       |     2 ||     2
  Eat: Chunk             |     1 |     4 |    14 |    23 |     4 ||    46
       Ration            |       |       |     1 |       |       ||     1
Armor: Robe              |    22 |       |       |       |       ||    22
       Ring mail         |    51 |   165 |   101 |       |       ||   317
       Chain mail        |       |       |   632 |   971 |   305 ||  1908
Dodge: Dodged            |   130 |   269 |   496 |   510 |   159 ||  1564
Block: Other             |       |       |       |    38 |    42 ||    80
